 Dungeon Crawl Stone Soup version 0.28-a0-948-gee6e0bcda6 (webtiles) character file.

Game seed: 4072018473644449772

142 HessuHobo the Cudgeller (level 5, -1/53 HPs)
             Began as a Troll Fighter on Nov 30, 2021.
             Killed from afar by an orc wizard (10 damage)
             ... with a puff of flame
             ... on level 2 of the Dungeon.
             The game lasted 00:02:19 (1346 turns).

HessuHobo the Cudgeller (Troll Fighter)             Turns: 1346, Time: 00:02:19

Health: -1/53      AC:  4    Str: 25    XL:     5   Next: 4%
Magic:  4/4        EV:  7    Int:  4    God:
Gold:   58         SH:  7    Dex:  9    Spells: 4/4 levels left

rFire   . . .      SeeInvis .   a - +0 flail
rCold   . . .      Faith    .   c - +0 kite shield
rNeg    . . .      Spirit   .   b - +0 robe
rPois   .          Reflect  .   (helmet restricted)
rElec   .          Harm     .   (no cloak)
rCorr   .          Rampage  .   (gloves unavailable)
Will    .....                   (boots unavailable)
Stlth   +.........              (no amulet)
HPRegen 0.97/turn               (no ring)
MPRegen 0.09/turn               (no ring)

@: no status effects
A: large, unfitting armour, claws 3, regeneration 1, shaggy fur 1, tough skin 1
a: no special abilities


You were on level 2 of the Dungeon.
You visited 1 branch of the dungeon, and saw 3 of its levels.

You collected 58 gold pieces.

Inventory:

Hand Weapons
 a - a +0 flail (weapon)
Armour
 b - a +0 robe (worn)
 c - a +0 kite shield (worn)
Scrolls
 f - a scroll of fear {unknown}
 j - a scroll of teleportation {unknown}
Potions
 d - a potion of might
 e - 2 potions of degeneration {unknown}
 g - a potion of heal wounds {unknown}
 h - a potion of berserk rage {unknown}
 i - a potion of brilliance {unknown}


   Skills:
 + Level 3.4 Fighting
 + Level 4.0 Maces & Flails
 - Level 2.4 Dodging
 - Level 2.4 Shields


You had 4 spell levels left.
You didn't know any spells.
Your spell library contained the following spells:

 Spells                   Type           Power      Damage    Failure   Level
 Gell's Gravitas          Tloc           0%         N/A       100%        3
 Lesser Beckoning         Tloc           0%         N/A       100%        3
 Teleport Other           Tloc           0%         N/A       100%        3


Dungeon Overview and Level Annotations

Branches:
Dungeon (3/15)

Altars:
Hepliaklqana


Innate Abilities, Weirdness & Mutations

You are too large for most types of armour.
You have claws for hands.
Your natural rate of healing is unusually fast.
You are covered in fur. (AC +1)
You have tough skin. (AC +1)


Message History

You block the orc's attack. Something hits you but does no damage.
You closely miss the orc.
The orc is heavily wounded.
You block the orc's attack. Something hits you.
You hit the orc.
You kill the orc!
Something hits you.
You miss something. You block something's attack.
Something hits you but does no damage.
You miss something. You block something's attack.
You barely miss something. Something hits you.
You hear some strange, mumbled words.
A magic dart appears from out of thin air!
The magic dart hits you!
You sock something! Something hits you but does no damage.
You closely miss something. Something hits you.
You closely miss something. Something hits you. x2
You closely miss something.
You hear some strange, mumbled words.
A magic dart appears from out of thin air!
The magic dart hits you!
You closely miss something.
You hear some strange, mumbled words.
A puff of flame appears from out of thin air!
The puff of flame misses you. Something hits you but does no damage.
Your shield prevents you from hitting something.
You hear some strange, mumbled words.
A puff of flame appears from out of thin air!
The puff of flame hits you!
* * * LOW HITPOINT WARNING * * *
You hit something but do no damage. You block something's attack.
You hear some strange, mumbled words.
A puff of flame appears from out of thin air!
The puff of flame hits you.
* * * LOW HITPOINT WARNING * * *
You hit something but do no damage.
You hear some strange, mumbled words.
A puff of flame appears from out of thin air!
The puff of flame hits you!
You die...

#####..#........................†
.......#.##.................##...
####..............#.........##...
......##.................#.......
..#........##..............####..
...........+.....................
...........#####...........####..
........).......)..###...........
................@#.###..(........
.##.#.##......<){................
#..................###...........
#.......#####......# #...........
+.............(....# #...........
#..................# #.......###.
#.................## #.......###.
#.................# #.##........
.........####....#####.######....


There were no monsters in sight!

Vanquished Creatures
  A necrophage (D:2)
  3 dart slugs
  2 orcs (D:2)
  4 ball pythons (D:2)
  5 bats
  8 endoplasms
  2 giant cockroaches
  2 hobgoblins
  4 kobolds
  2 quokkas (D:1)
  2 frilled lizards (D:1)
  8 goblins
  4 rats
47 creatures vanquished.

Vanquished Creatures (others)
  A fungus (D:2)
1 creature vanquished.

Grand Total: 48 creatures vanquished

Notes
Turn   | Place    | Note
-------+----------+-------------------------------------------
     0 | D:1      | HessuHobo the Troll Fighter began the quest for the Orb.
     0 | D:1      | Reached XP level 1. HP: 22/22 MP: 0/0
    42 | D:1      | Reached skill level 2 in Maces & Flails
    63 | D:1      | Reached XP level 2. HP: 29/29 MP: 1/1
   331 | D:1      | Reached XP level 3. HP: 36/36 MP: 2/2
   642 | D:2      | Found a hazy altar of Hepliaklqana.
   659 | D:2      | Reached skill level 3 in Maces & Flails
   969 | D:2      | Found a faded altar of an unknown god.
  1146 | D:2      | Noticed a necrophage
  1153 | D:2      | Killed a necrophage
  1154 | D:2      | Reached skill level 4 in Maces & Flails
  1154 | D:2      | Reached XP level 4. HP: 35/45 MP: 3/3
  1154 | D:2      | Reached XP level 5. HP: 41/53 MP: 4/4
  1346 | D:2      | Killed from afar by an orc wizard

Illustrated notes

Levels and vault maps discovered:
D:1:      shiori_shiawase, layout_rooms
D:2:      layout_basic, shapermc_ecumenical_altar_ellora, basic_altar
D:3:      layout_loops_ring

Skill      XL: |  1  2  3 |
---------------+----------+-----
Maces & Flails | 2 4 |  4.0
Fighting       | 3 |  3.4
Dodging        | |  2.4
Shields        | |  2.4

Action                   |  1- 3 |  4- 6 || total
-------------------------+-------+-------++-------
Melee: Flail             |   141 |    22 ||   163
 Stab: Sleeping          |     1 |       ||     1
Armor: Robe              |    64 |    12 ||    76
Dodge: Dodged            |    58 |    11 ||    69
Block: Kite shield       |    65 |     7 ||    72

Table legend: (Time is in decaauts)
 A = Elapsed time spent in this place.
 B = Non-inter-level travel time spent in this place.
 C = Inter-level travel time spent in this place.
 D = Time resting spent in this place.
 E = Time spent auto-exploring this place.
 F = Levels seen in this place.
 G = Mean time per level.
                   A        B        C        D        E       F      G
               +--------+--------+--------+--------+--------+-----+--------+
         Total |   1424 |   1398 |     26 |     12 |    961 |   3 |  474.7 |
       Dungeon |   1424 |   1398 |     26 |     12 |    961 |   3 |  474.7 |
               +--------+--------+--------+--------+--------+-----+--------+

Top non-repeatable levels by time:
     D:2: 903 daAuts
     D:1: 516 daAuts
     D:3: 3 daAuts
